 Dungeon Crawl Stone Soup version 0.27.1-4-g1640c2035a (webtiles) character file.

Game seed: 577339405637458743

6 croobank the Ducker (level 1, 0/7 HPs)
             Began as a Felid Earth Elementalist on Nov 15, 2021.
             Constricted to death by a ball python (1 damage)
             ... on level 1 of the Dungeon.
             The game lasted 00:04:21 (1591 turns).

croobank the Ducker (Felid Earth Elementalist)      Turns: 1591, Time: 00:04:22

Health: 0/7        AC:  1    Str:  4    XL:     1   Next: 75%
Magic:  4/4        EV: 14    Int: 16    God:
Gold:   8          SH:  0    Dex: 16    Spells: 3/4 levels left
                                        Lives:  0   Deaths: 0

rFire    . . .     SeeInvis +   (weapon unavailable)
rCold    . . .     Faith    .   (shield unavailable)
rNeg     . . .     Spirit   .   (armour unavailable)
rPois    .         Reflect  .   (helmet unavailable)
rElec    .         Harm     .   (cloak unavailable)
rCorr    .         Rampage  .   (gloves unavailable)
Will     .....                  (boots unavailable)
Stlth    ++........             (no amulet)
HPRegen  0.02/turn              (no ring)
MPRegen  0.09/turn              (no ring)

@: constricted, quick
A: very small, claws 1, fangs 3, see invisible, speed 1, shaggy fur 1, stealthy
paws, no weapons or thrown items, no armour, multi-lived
a: no special abilities


You were on level 1 of the Dungeon.
You visited 1 branch of the dungeon, and saw 1 of its levels.

You collected 8 gold pieces.

Inventory:

Missiles
 b - 37 stones


   Skills:
 + Level 3.0 Dodging
 + Level 2.9 Stealth
 + Level 2.0 Spellcasting
 + Level 1.1 Transmutations
 + Level 2.9 Earth Magic


You had 3 spell levels left.
You knew the following spells:

 Your Spells              Type           Power      Damage    Failure   Level
a - Sandblast             Erth           20%        2d7       6%          1

Your spell library contained the following spells:

 Spells                   Type           Power      Damage    Failure   Level
 Passwall                 Tmut/Erth      6%         N/A       14%         2
 Stone Arrow              Conj/Erth      12%        3d7       34%         3
 Petrify                  Tmut/Erth      8%         N/A       65%         4


Dungeon Overview and Level Annotations

Branches:
Dungeon (1/15)

Altars:


Innate Abilities, Weirdness & Mutations

You have sharp claws.
You have razor-sharp teeth.
You have supernaturally acute eyesight. (SInv)
You cover ground quickly. (Speed+)
You are covered in fur. (AC +1)
Your paws help you pounce on unaware monsters.
You are incapable of wielding weapons or throwing items.
You cannot wear armour.
You gain extra lives every three experience levels.


Message History

The rat is heavily wounded.
The rat barely misses you.
You scratch the rat.
You kill the rat!
You see here a rat corpse.
A frilled lizard comes into view.
You pounce on the unaware helpless frilled lizard!
You scratch the frilled lizard.
You kill the frilled lizard!
You see here a frilled lizard corpse.
An endoplasm comes into view.
Found 19 stones.
A ball python comes into view.
You pounce on the unaware helpless endoplasm!
You scratch the endoplasm.
The endoplasm is severely wounded.
The ball python hisses angrily.
The endoplasm misses you.
You scratch the endoplasm.
You kill the endoplasm!
Your Dodging skill increases to level 3!
A bat comes into view.
You miss the bat. The bat hits you but does no damage.
You scratch the bat.
The bat is severely wounded.
The bat completely misses you. The ball python bites you.
The ball python grabs you. The ball python constricts you.
You miss the bat.
The bat is severely wounded.
The bat misses you. The bat closely misses you.
The ball python barely misses you. The ball python constricts you.
You closely miss the bat. Your bite misses the bat.
The bat is severely wounded.
The bat closely misses you. The ball python closely misses you.
The ball python constricts you.
* * * LOW HITPOINT WARNING * * *
The ball python bites you.
* * * LOW HITPOINT WARNING * * *
The ball python constricts you.
You die...

### ####
#.###################.#.
#.....................#.
#†###################.#.
#.# #.#. #.# #.#.
#.######## #.#.
#.....b@S####... #.#.
#####........... #†#.
#........... #.#.
#........... #.#.
#........(.. #...
#..........# #...
#..........# #...
#..........# #...
#..........# #...


You could see a bat and a ball python.

Vanquished Creatures
  An endoplasm (D:1)
  A hobgoblin (D:1)
  A bat (D:1)
  A frilled lizard (D:1)
  3 rats (D:1)
7 creatures vanquished.

Notes
Turn   | Place    | Note
-------+----------+-------------------------------------------
     0 | D:1      | croobank the Felid Earth Elementalist began the quest for
                  | the Orb.
     0 | D:1      | Reached XP level 1. HP: 7/7 MP: 4/4
  1585 | D:1      | Reached skill level 3 in Dodging
  1591 | D:1      | Constricted to death by a ball python

Illustrated notes

Levels and vault maps discovered:
D:1:      dpeg_arrival_tiny_c, layout_basic, ebering_ecumenical_altar_box

Skill      XL: |  1 |
---------------+----+-----
Dodging        | 3 |  3.0
Stealth        | |  2.9
Spellcasting   | |  2.0
Transmutations | |  1.1
Earth Magic    | |  2.9

Action                   || total
-------------------------++-------
Melee: Unarmed           ||    19
       Bite              ||     2
 Cast: Sandblast         ||     5
 Stab: Sleeping          ||     3
Armor: Skin              ||     3
Dodge: Dodged            ||    20
